 Dungeon Crawl Stone Soup version 0.30-a0-718-geaa24f58ff (webtiles) character file.

Game seed: 14173016752730829067

911 IdlyInterested the Sneak (level 7, -20/50 HPs)
             Began as a Demonspawn Gladiator on Jan 25, 2023.
             Demolished by an ogre
             ... wielding a +0 giant spiked club
              (26 damage)
             ... on level 5 of the Dungeon.
             The game lasted 00:17:35 (4013 turns).

IdlyInterested the Sneak (Demonspawn Gladiator)     Turns: 4013, Time: 00:17:35

Health: -20/50     AC:  8    Str: 14    XL:     7   Next: 82%
Magic:  7/7        EV: 12    Int:  9    God:
Gold:   277        SH:  0    Dex: 12    Spells: 6/6 levels left

rFire   + + .      SeeInvis .    a - +0 rapier
rCold   + . .      Faith    .    (no shield)
rNeg    + . .      Spirit   .    u - +1 leather armour {rC+}
rPois   .          Reflect  .    f - +2 hat
rElec   +          Harm     .    (no cloak)
rCorr   +          Rampage  .    (no gloves)
Will    .....                    (no boots)
Stlth   +++                      (no amulet)
HPRegen 0.28/turn                l - ring of Moral Flaws {rElec rF+ rN+ rCorr Dex-5}
MPRegen 0.10/turn                c - ring of protection from fire

@: no status effects
A: yellow scales 1, powered by pain 2, spiny 1
a: no special abilities


You were on level 5 of the Dungeon.
You visited 2 branches of the dungeon, and saw 6 of its levels.

You collected 277 gold pieces.

Inventory:

Hand Weapons
 a - a +0 rapier (weapon)
 p - a +2 dagger of speed
Missiles
 d - 3 throwing nets
 e - a javelin
 h - 38 stones
 i - 12 poisoned darts (quivered)
Armour
 f - a +2 hat (worn)
 t - a +0 helmet
 u - a +1 leather armour of cold resistance (worn)
 y - a +0 leather armour of poison resistance
Jewellery
 c - a ring of protection from fire (right hand)
 l - the ring of Moral Flaws (left hand) {rElec rF+ rN+ rCorr Dex-5}
   (You acquired it on level 2 of the Dungeon)

   [ring of positive energy]

   Dex:       It affects your dexterity (-5).
   rF:        It protects you from fire.
   rElec:     It insulates you from electricity.
   rN:        It protects you from negative energy.
   rCorr:     It protects you from acid and corrosion.
Scrolls
 b - 2 scrolls of teleportation
 k - 2 scrolls of fog
Potions
 g - a potion of brilliance
 m - a potion of flight
 n - a potion of resistance
 o - a potion of magic
 q - a potion of attraction
 s - a potion of haste
 v - a potion of heal wounds {unknown}
 x - a potion of lignification


   Skills:
 - Level 2.0 Fighting
 + Level 5.4 Short Blades
 - Level 1.7 Throwing
 - Level 2.6 Dodging
 * Level 7.2 Stealth


You had 6 spell levels left.
You didn't know any spells.
Your spell library contained the following spells:

 Spells                   Type           Power      Damage    Failure   Level
 Slow                     Hex            0%         N/A       45%         1
 Sublimation of Blood     Necr           0%         N/A       61%         2
 Inner Flame              Hex/Fire       0%         N/A       83%         3
 Petrify                  Tmut/Erth      0%         N/A       99%         4
 Freezing Cloud           Conj/Ice/Air   0%         6-21      100%        5
 Irradiate                Conj/Tmut      0%         3d11      100%        5
 Simulacrum               Ice/Necr       0%         N/A       100%        6


Dungeon Overview and Level Annotations

Branches:
Dungeon (5/15)             Temple (1/1) D:4

Altars:
Ashenzari
Cheibriados
Dithmenos
Fedhas
Hepliaklqana
Kikubaaqudgha
Nemelex Xobeh
Okawaru
Ru
Sif Muna
Trog
Vehumet
Wu Jian


Innate Abilities, Weirdness & Mutations

You are partially covered in yellow scales. (AC +2)
You sometimes gain power by taking damage.
You are partially covered in sharp spines.


Message History

Found 10 gold pieces.
You now have 277 gold pieces (gained 10).
An ogre comes into view. It is wielding a +0 giant spiked club.
Found a stone staircase leading down.
Found 14 gold pieces and a red potion.
Found an orange potion and a ring mail.
The ogre shouts!
The ogre is struck by your spines. The ogre closely misses you.
You hit the ogre.
The ogre is lightly wounded.
You hit the ogre.
The ogre is moderately wounded.
The ogre is struck by your spines.
The ogre hits you with a +0 giant spiked club!!
You barely miss the ogre.
The ogre is moderately wounded.
You barely miss the ogre.
The ogre is moderately wounded.
The ogre hits you with a +0 giant spiked club!!
* * * LOW HITPOINT WARNING * * *
You hit the ogre.
The ogre is heavily wounded.
The ogre closely misses you.
You hit the ogre.
The ogre is severely wounded.
You hit the ogre.
The ogre is severely wounded.
You hear the slow rusting of a drain nearby.
The ogre barely misses you.
You hit the ogre.
The ogre is severely wounded.
You completely miss the ogre.
The ogre is severely wounded.
The ogre is struck by your spines. The ogre closely misses you.
You hit the ogre but do no damage.
The ogre is severely wounded.
The ogre is struck by your spines.
The ogre hits you with a +0 giant spiked club!!
Ouch! That really hurt!
You die...

#.##### #.# ###.#####
#........ #.#.####.
#########.#......
####................
#..O....###.#######.
#..@....# #....# ##.
#.......# #..#.# #..
#.......# #..#.# #..
#.......# #..#.#####
#.......###.........
..'.....>.......)#####
..!.#!.$...........))...
....#......#####.#######
... #......# #..


You could see an ogre.

Vanquished Creatures
  An ice beast (D:4)
  The ghost of wormed the Covered, an amateur GnWn (D:3)
  An ogre (D:5)
  The ghost of rageheart7 the Slasher, an amateur BaGl of Uskayaw (D:3)
  A scorpion (D:4)
  A gnoll bouda (D:3)
  2 hounds (D:4)
  Natasha (thrice) (D:3)
  Ijyb (D:4)
  3 iguanas (D:4)
  13 gnolls
  4 adders
  4 orcs (D:3)
  4 bats
  9 endoplasms
  6 giant cockroaches
  10 goblins
  9 hobgoblins
  6 jackals
  3 quokkas
  2 ball pythons (D:3)
  4 frilled lizards
  5 kobolds
  3 rats
97 creatures vanquished.

Vanquished Creatures (others)
  6 withered plants (D:3)
6 creatures vanquished.

Grand Total: 103 creatures vanquished

Notes
Turn   | Place    | Note
-------+----------+-------------------------------------------
     0 | D:1      | IdlyInterested the Demonspawn Gladiator began the quest for
                  | the Orb.
     0 | D:1      | Reached XP level 1. HP: 16/16 MP: 1/1
   221 | D:1      | Got Tunis's Omnibus of Cold and Hexes
   229 | D:1      | Reached skill level 1 in Stealth
   373 | D:1      | Gained mutation: You are partially covered in sharp spines.
                  | [demonic ancestry]
   373 | D:1      | Reached XP level 2. HP: 22/22 MP: 2/2
   531 | D:1      | Found a faded altar of an unknown god.
   894 | D:2      | Reached skill level 2 in Stealth
   913 | D:2      | Reached XP level 3. HP: 24/27 MP: 3/3
  1063 | D:2      | Identified a scroll of acquirement
  1063 | D:2      | Acquired the ring of Moral Flaws {rElec rF+ rN+ rCorr
                  | Dex-5}
  1261 | D:2      | Gained mutation: You are partially covered in yellow
                  | scales. (AC +2) [demonic ancestry]
  1261 | D:2      | Reached XP level 4. HP: 33/33 MP: 4/4
  1461 | D:3      | Reached skill level 3 in Stealth
  1520 | D:3      | Noticed Natasha
  1529 | D:3      | Killed Natasha
  1746 | D:3      | Found a runed translucent gate.
  1748 | D:3      | Found a runed translucent gate.
  1748 | D:3      | Found a runed translucent gate.
  1750 | D:3      | Noticed wormed's ghost (amateur GnWn)
  1750 | D:3      | Noticed rageheart7's ghost (amateur BaGl)
  1759 | D:3      | Identified the +6 sling of Zin's Grace {flame, Str+4 Int+3}
  1774 | D:3      | Noticed Natasha
  1783 | D:3      | Killed Natasha
  1871 | D:3      | Noticed Natasha
  1880 | D:3      | Killed Natasha
  1881 | D:3      | Gained mutation: You sometimes gain a little power by
                  | taking damage. [demonic ancestry]
  1881 | D:3      | Reached XP level 5. HP: 38/38 MP: 5/5
  1914 | D:3      | Reached skill level 4 in Stealth
  1998 | D:3      | You fall into a shaft and drop 1 floor!
  2386 | D:3      | Killed wormed's ghost
  2387 | D:3      | Reached skill level 5 in Stealth
  2387 | D:3      | Gained mutation: You sometimes gain power by taking damage.
                  | [demonic ancestry]
  2387 | D:3      | Reached XP level 6. HP: 27/44 MP: 6/6
  2398 | D:3      | Killed rageheart7's ghost
  2519 | D:3      | Identified the +3 quarterstaff "Nuju" {vamp, rPois}
  2655 | D:4      | Noticed Ijyb
  2681 | D:4      | Paralysed by Ijyb for 5 turns
  2689 | D:4      | Killed Ijyb
  2830 | D:4      | Reached XP level 7. HP: 50/50 MP: 7/7
  2889 | D:4      | Reached skill level 6 in Stealth
  2971 | D:4      | Found a staircase to the Ecumenical Temple.
  2998 | Temple   | Entered the Ecumenical Temple
  3131 | D:4      | Reached skill level 5 in Short Blades
  3485 | D:4      | Found a shadowy altar of Dithmenos.
  3709 | D:4      | Found a sacrificial altar of Ru.
  3908 | D:5      | Entered Level 5 of the Dungeon
  3913 | D:5      | Reached skill level 7 in Stealth
  4013 | D:5      | Demolished by an ogre

Illustrated notes

Levels and vault maps discovered:
D:1:      matt_arrival_grand_opening, layout_basic,
          shapermc_ecumenical_altar_mp_urbaneastern
D:2:      layout_rooms
D:3:      layout_loops_ring, gammafunk_ghost_cemetery, guppyfry_early_orc_mine,
          uniq_natasha
D:4:      layout_loops_corners, mainiacjoe_overflow_alcove_1,
          nicolae_ru_the_path_less_chosen, minmay_temple_entry_grid, uniq_ijyb
D:5:      layout_basic, kennysheep_ying_yang, overflow_temple_1_default,
          nicolae_overflow_hidden_temple, lemuel_tele_altar,
          portal_sewer_entry_f
Temple:   nicolae_temple_ecumenical_triangle

Skill      XL: |  1  2  3  4  5  6  7 |
---------------+----------------------+-----
Stealth        | 1 2 3 5 7 |  7.2
Short Blades   | 3 4 5 |  5.4
Fighting       | |  2.0
Throwing       | |  1.7
Dodging        | |  2.6

Action                     |  1- 3 |  4- 6 |  7- 9 || total
---------------------------+-------+-------+-------++-------
  Melee: Rapier            |    88 |   147 |    65 ||   300
         Punch             |       |     1 |     1 ||     2
  Throw: Javelin           |       |     3 |       ||     3
         Dart              |       |     4 |       ||     4
         Throwing net      |       |     1 |       ||     1
    Use: Scroll            |     4 |     5 |     1 ||    10
         Potion            |     2 |     3 |     1 ||     6
   Stab: Distracted        |       |     1 |       ||     1
         Sleeping          |       |     2 |     4 ||     6
 Armour: Ring mail         |    15 |       |       ||    15
         Chain mail        |    33 |    12 |       ||    45
         Leather armour    |       |    38 |    11 ||    49
  Dodge: Dodged            |    34 |    76 |    28 ||   138

Table legend: (Time is in decaauts)
 A = Elapsed time spent in this place.
 B = Non-inter-level travel time spent in this place.
 C = Inter-level travel time spent in this place.
 D = Time resting spent in this place.
 E = Time spent auto-exploring this place.
 F = Levels seen in this place.
 G = Mean time per level.
                   A        B        C        D        E       F      G
               +--------+--------+--------+--------+--------+-----+--------+
         Total |   4017 |   3579 |    438 |    308 |   2072 |   6 |  669.5 |
       Dungeon |   3988 |   3550 |    438 |    308 |   2072 |   5 |  797.6 |
        Temple |     29 |     29 |      0 |      0 |      0 |   1 |   29.0 |
               +--------+--------+--------+--------+--------+-----+--------+

Top non-repeatable levels by time:
     D:4: 1243 daAuts
     D:3: 1179 daAuts
     D:1: 961 daAuts
     D:2: 501 daAuts
     D:5: 103 daAuts
  Temple: 29 daAuts
